[Event "21st IPCA World Championship 2022"]
[Site "Ashdod"]
[Date "2022.05.13"]
[Round "5.11"]
[White "Shchukina, Ekaterina"]
[Black "Frumin, Rebeka"]
[Result "0-1"]
[ECO "C47"]
[WhiteElo "1496"]
[BlackElo "1319"]
[Annotator "NA RC COMBH"]
[PlyCount "74"]
[EventDate "2022.05.09"]
[EventType "swiss"]
[EventCountry "ISR"]
[SourceTitle "playchess.com"]
[Source "ChessBase"]
[SourceQuality "1"]
[TimeControl "5400+30"]

1. e4 e5 2. Nf3 Nc6 3. Nc3 Nf6 4. d4 exd4 5. Nxd4 h6 6. Be3 Bb4 7. Nxc6 bxc6 8. Bd3 O-O 9. O-O d5 10. exd5 cxd5 11. Bd4 c6 12. a3 Bd6 13. f3 Nh5 14. g3 Bh3 15. Re1 Be6 16. f4 c5 17. Qxh5 cxd4 18. Ne2 Bc5 19. b4 Bb6 20. f5 Bd7 21. Rf1 Qg5 22. Qxg5 hxg5 23. Kg2 a6 24. Nc1 Bb5 25. Bxb5 axb5 26. Nb3 Rfe8 27. Kf3 Rac8 28. Rac1 f6 29. Rfd1 Re3+ 30. Kg2 Re2+ 31. Kf3 Rcxc2 32. Rxc2 Rxc2 33. Nxd4 g4+ 34. Kf4 Rc4 35. Ke3 Kf7 36. Rd3 Ke7 37. Rd2 Kd6 0-1

[Event "21st IPCA World Championship 2022"]
[Site "Ashdod"]
[Date "2022.05.16"]
[Round "9.1"]
[White "Shapiro, Benny"]
[Black "Obodchuk, Andrei"]
[Result "0-1"]
[ECO "D85"]
[WhiteElo "1884"]
[BlackElo "2295"]
[Annotator "TA"]
[PlyCount "138"]
[EventDate "2022.05.09"]
[EventType "swiss"]
[EventCountry "ISR"]
[SourceTitle "playchess.com"]
[Source "ChessBase"]
[SourceQuality "1"]
[TimeControl "5400+30"]

1. d4 Nf6 2. Nf3 g6 3. c4 Bg7 4. Nc3 d5 5. cxd5 Nxd5 6. e4 Nxc3 7. bxc3 c5 8. h3 O-O 9. Be3 {[%emt 0:05:13] D85: Exchange Grünfeld: Unusual White 7th moves and lines with 7 Nf3.} b6 10. Qd2 Bb7 11. Bd3 {[%emt 0:00:25] The position is equal.} cxd4 12. cxd4 Nc6 {[%emt 0:00:07][%cal Rc6d4] [#]} 13. Bc4 $146 ({Predecessor:} 13. e5 Na5 14. O-O Rc8 15. Qe2 Qd5 16. Rac1 Kh8 17. Rfd1 f6 18. Rxc8 Rxc8 19. Nh4 {1-0 (38) Glavas,D (2322)-Vlaic,B (2269) Sibenik 2011}) 13... Rc8 {[%emt 0:00:39][%cal Oc6d4] ...Nxd4! is the strong threat.} 14. Rc1 Na5 15. Bd3 Rxc1+ 16. Qxc1 Qa8 17. Qb1 Rc8 18. Nd2 {[%emt 0:05:08] Prevents Nc4.} e6 19. O-O Rd8 20. Nf3 Nc6 21. Qb2 Qb8 22. Rd1 Qd6 23. Be2 Na5 24. Bd3 f5 25. e5 Qd5 26. Rc1 Rc8 27. Rxc8+ Bxc8 28. Qc2 Qc6 29. Qe2 Qc7 30. Qd2 Bb7 31. Be2 Bd5 32. Bg5 Nc6 33. a3 (33. Ne1 $11 {is more appropriate.}) 33... Bf8 34. Qe3 Na5 35. Bf6 ({White should play} 35. Bh6 $15) 35... Qc2 36. h4 (36. Ne1 $17 {might work better.} Qa2 37. Bf3) 36... Qe4 37. a4 Qxe3 $1 38. fxe3 h6 {[%emt 0:01:21] Against Ng5} 39. Kf2 Kf7 (39... Nc4 $1 $17 40. Bd8 Bb4) 40. Bb5 (40. h5 $15) 40... Bb4 41. Bd8 Nc6 (41... Nc4 $142 42. Bc7 Nb2) 42. Bf6 $17 Nb8 (42... a5 $17) 43. Bd8 $11 Nc6 (43... Be4 $15) 44. Bf6 $17 Be7 ({Better is} 44... a5 $17) 45. Bxe7 $11 Kxe7 {[%emt 0:00:02][%mdl 4096] Endgame KBN-KBN} 46. g3 Nb4 {[%emt 0:00:49] Hoping for ...a6.} 47. Ne1 $2 (47. Nd2 $1 $11 {and White has nothing to worry.}) 47... Bb3 $1 $19 48. Ke2 a6 49. Nd3 axb5 50. Nxb4 bxa4 {[%emt 0:00:09] Threatens to win with ...a3. KB-KN} 51. Kd2 Bc4 (51... Kf7 $19 52. Kc3 b5) 52. Kc3 $17 b5 53. Kb2 $2 {[%emt 0:01:06] White does not recover from this.} (53. Nc2 $17) 53... Kf7 $1 $19 54. Ka3 g5 $1 55. hxg5 $2 {[%emt 0:00:55] [#]} (55. Na6 Kg6 56. Nc7) 55... h5 $1 56. Kb2 Kg6 57. Ka3 Kxg5 {[%emt 0:01:12] Strongly threatening ...Kg4.} 58. Kb2 Be2 $2 (58... Bb3 59. Nd3 Kg4) 59. Ka3 $2 {[%emt 0:01:04] [#]} (59. d5 exd5 60. Nc6) 59... Bf3 $1 ({Stronger than} 59... Kg4 60. d5 Kxg3 61. d6 $11) 60. Kb2 Bb7 61. Nd3 Kg4 62. Nf4 Bc8 63. Ka3 Kxg3 {[%emt 0:00:23] And now ...h4 would win.} 64. Nxh5+ Kf3 65. Nf6 Kxe3 {[%emt 0:00:06] ( -> ...f4)} 66. d5 exd5 {[%emt 0:00:06] Black mates.} 67. Nxd5+ Kd4 68. Nb6 Be6 69. Kb4 f4 {[%emt 0:00:10] Weighted Error Value: White=0.50/Black=0.21 (precise)} 0-1

[Event "21st IPCA World Championship 2022"]
[Site "Ashdod"]
[Date "2022.05.16"]
[Round "9.2"]
[White "Gerasimova, Svetlana"]
[Black "Mikheev, Stanislav"]
[Result "0-1"]
[ECO "C54"]
[WhiteElo "1906"]
[BlackElo "2333"]
[Annotator "TA"]
[PlyCount "54"]
[EventDate "2022.05.09"]
[EventType "swiss"]
[EventCountry "ISR"]
[SourceTitle "playchess.com"]
[Source "ChessBase"]
[SourceQuality "1"]
[TimeControl "5400+30"]

1. e4 e5 2. Nf3 Nc6 3. Bc4 Nf6 4. d3 Bc5 5. c3 a6 6. a4 {[%emt 0:00:42] C54: Giuoco Piano: 4 c3 Nf6, main lines with 5 d4 and 5 d3.} O-O 7. O-O d5 8. exd5 {White is slightly better.} Nxd5 {[%emt 0:00:02][%cal Bf6d5,Bd5c3,Bc3e2,Be2c1,Bc1d3,Bd3b2][%mdl 32] [#]} 9. d4 $146 (9. Re1 $14) ({Predecessor:} 9. Re1 Bg4 10. Nbd2 Kh8 11. h3 Bh5 12. Ne4 Ba7 13. Ng3 Bg6 14. Nxe5 Nxe5 15. Rxe5 Nb6 {1-0 (25) Duda,J (2728)-So,W (2754) Moscow 2019}) 9... exd4 $11 10. cxd4 Bb6 11. Nc3 Be6 {[%emt 0:01:48] Threatens to win with ...Nxc3.} 12. Ng5 Nxc3 13. Qd3 {[%emt 0:01:17] [#]} (13. Qc2 $11 {keeps the balance.} Ne2+ 14. Bxe2) 13... Ne2+ $1 $17 14. Kh1 (14. Qxe2 Bxc4) 14... g6 15. Nxe6 $2 {[%emt 0:03:36] White does not recover from this.} (15. Qxe2 $17 {only move.} Bxc4 16. Qxc4) 15... Nxc1 $19 {[%emt 0:00:36] Pair of Knights!} ({Inferior is} 15... fxe6 16. Qxe2 Qxd4 17. Bh6 $11) 16. Nxd8 Nxd3 17. Nxc6 Nxb2 (17... bxc6 18. Bxd3 Bxd4 19. Rac1 $15) 18. Ne7+ Kg7 19. Bd5 c6 20. Rab1 Bxd4 ({Not} 20... cxd5 21. Rxb2 Rfe8 22. Nxd5 Bxd4 23. Rxb7 $17) 21. Bb3 Rfe8 22. Rfe1 Nd3 23. Re2 Nxf2+ 24. Kg1 Ne4+ 25. Kf1 Rxe7 26. Rbe1 Rae8 {[%emt 0:00:25][%cal Oe4d2] ( -> ...Nd2+!)} 27. Bc2 {[%emt 0:00:39] [#]} Nd2+ $1 {[%emt 0:00:25] Weighted Error Value: White=0.84/Black=0.05 (flawless)} 0-1

[Event "21st IPCA World Championship 2022"]
[Site "Ashdod"]
[Date "2022.05.16"]
[Round "9.3"]
[White "Zilberman, Yaacov"]
[Black "Campos, Eugenio"]
[Result "1-0"]
[ECO "A75"]
[WhiteElo "2315"]
[BlackElo "2247"]
[Annotator "TA"]
[PlyCount "73"]
[EventDate "2022.05.09"]
[EventType "swiss"]
[EventCountry "ISR"]
[SourceTitle "playchess.com"]
[Source "ChessBase"]
[SourceQuality "1"]
[TimeControl "5400+30"]

1. d4 Nf6 2. c4 c5 3. d5 e6 4. Nc3 exd5 5. cxd5 d6 6. Nf3 g6 7. e4 a6 8. a4 Bg7 9. Be2 O-O 10. O-O Bg4 11. Bg5 Nbd7 12. Nd2 Bxe2 13. Qxe2 Re8 14. a5 {[%emt 0:02:49] A75: Modern Benoni: Classical: 9...a6 10 a4 Bg4.} Qc7 {[%emt 0:03:15] [#]} 15. Rfe1 $146 ({Predecessor:} 15. f3 h6 16. Be3 Re7 17. Kh1 Rae8 18. Ra3 Nh5 19. g4 Nhf6 20. f4 b5 21. axb6 Nxb6 {0-1 (46) Aabling Thomsen,J (2388)-Warmerdam,M (2417) Porto Carras 2018}) 15... h6 16. Be3 {[%emt 0:06:57] White is slightly better.} Ne5 17. h3 b5 18. axb6 $1 Qxb6 19. f4 Ned7 20. Nc4 $36 {[%emt 0:00:27][%cal Bd2c4,Bc4a5,Ba5c6][%mdl 2080] White is in control.} Qc7 21. Qd3 {[%emt 0:05:02] White is more active.} Reb8 (21... Nb6 $16) 22. e5 $18 Ne8 23. e6 Nb6 24. Na5 c4 25. Qd2 {[%emt 0:01:26] And now Nc6 would win.} Bxc3 26. bxc3 Nf6 27. Nc6 Re8 28. exf7+ Kxf7 29. Bxb6 (29. Bd4 Rxe1+ 30. Rxe1 (30. Qxe1 Nbxd5 31. Nb4 Nxb4 $14) 30... Nbxd5 $14) 29... Qxb6+ {[%emt 0:00:15] [#]} 30. Kh2 $1 {[%emt 0:00:19][%cal Of4f5] Threatens to win with f5!} Qb5 $2 (30... Ne4 31. Qa2 Qb5) 31. Ra5 $2 (31. Re6) 31... Qb6 32. Raa1 (32. Re6 $16 Qb1 33. Qf2 (33. Rxd6 Re1 $16) (33. Qd4 Qf5 $16)) 32... Qb5 $1 33. Re6 Qc5 34. Ra5 Qb6 35. Rxd6 $2 (35. Ne5+ Kg8 {[#]} 36. Rxf6 $1) 35... Qe3 $2 (35... Kg7 36. Qd4 (36. Qc2 $2 Re1 $17) 36... Qxd4 37. Nxd4 Kf7) 36. Qxe3 Rxe3 37. Ne5+ {[%emt 0:00:17] Weighted Error Value: White=0.54/Black=0.37} 1-0

[Event "21st IPCA World Championship 2022"]
[Site "Ashdod"]
[Date "2022.05.16"]
[Round "9.4"]
[White "Gurbanov, Andrei"]
[Black "Lipilin, Ilia"]
[Result "1-0"]
[ECO "A80"]
[WhiteElo "2302"]
[BlackElo "2198"]
[Annotator "TA"]
[PlyCount "67"]
[EventDate "2022.05.09"]
[EventType "swiss"]
[EventCountry "ISR"]
[SourceTitle "playchess.com"]
[Source "ChessBase"]
[SourceQuality "1"]
[TimeControl "5400+30"]

1. d4 f5 2. Bg5 h6 3. Bh4 g5 4. Bg3 Bg7 5. e3 c5 6. c3 {[%emt 0:00:30] A80: Dutch Defence: Unusual White second moves.} (6. dxc5 Bxb2 7. Nd2 Bxa1 8. Qxa1 Nf6 $15) 6... Qb6 7. Na3 $1 {[%emt 0:02:29][%mdl 4] [#] is recently more successful than 7.Nf3.} d5 $146 (7... cxd4 $14 8. cxd4 (8. Nc4 Qe6 $11) 8... Qxb2) ({Predecessor:} 7... d6 8. Nc4 Qc7 9. Qb3 Nf6 10. Nf3 Ne4 11. Ncd2 Nxg3 12. hxg3 e6 13. O-O-O O-O {1-0 (52) Moiseenko,A (2602)-Hauge,L (2530) Tornelo INT 2022}) 8. Nb5 $1 $18 {[%emt 0:05:06] aiming for Nc7+. White is clearly better.} Na6 {[%emt 0:04:49] Against Nc7+} 9. dxc5 Qxc5 10. Qh5+ Kf8 11. Nf3 $1 {[%emt 0:04:12] Strongly threatening Ne5.} Nf6 12. Qg6 Bd7 13. Nbd4 (13. Ne5 Be8 14. Qxf5 Bxb5 $11) 13... Qb6 (13... e6 $142) 14. Bxa6 (14. Ne5 Be8 15. Qxf5 Qxb2 $11) 14... e6 $2 {[%emt 0:14:34] [#]} (14... Qxa6 15. Ne5 (15. Nxf5 Ne8 $18) 15... Be8 16. Qxf5 Kg8) 15. Bd3 (15. Bxb7 $142 $1 Qxb2 16. Rd1 $1 Qxb7 17. Be5 (17. Bd6+ $2 Kg8 $19)) 15... f4 {[%emt 0:02:02] [#]} 16. Bb5 $1 Bxb5 $16 17. Nxb5 $2 ({White must play} 17. exf4 $16 Be8 18. Qd3) 17... fxg3 $11 18. Ne5 $1 gxf2+ 19. Kd1 Kg8 20. Nd4 $2 (20. Qf7+ $11 Kh7 21. Qg6+ Kg8 22. Qf7+ Kh7 23. Qg6+ Kg8) 20... Rf8 $19 21. Rf1 {[%emt 0:01:31] [#]} Qxb2 (21... h5 $1 $19 {avoids the disaster. Threatens to win with ...Rh6.} 22. Qc2 (22. Rxf2 $2 Qd6 $19) 22... Ne4) 22. Rb1 $40 {[%emt 0:00:11][%mdl 128] White has strong attack.} Qxa2 {[%emt 0:00:11] ...Rh7 is the strong threat.} 23. Rxb7 (23. Nxe6 Qa4+ 24. Kc1 Qa3+ 25. Rb2 (25. Kd1 Qa4+ 26. Kc1 Qa3+ 27. Rb2 Qa1+ 28. Rb1 Qa3+ $16) 25... Qa1+ 26. Kc2 Qa4+ 27. Kb1 Qe4+ 28. Kc1 Qxg6 29. Nxg6 Re8 30. Nxg7 Kxg7 31. Nxh8 Ne4 $16) 23... Qa1+ 24. Kc2 Qa2+ {[%emt 0:00:17] [#]} 25. Rb2 $1 {[%emt 0:05:03] The board is on fire.} Qa4+ 26. Kb1 Qe8 27. Rfxf2 {[%emt 0:02:49] 0x0.0024a844899adp-1022s more active pieces.} Ne4 (27... Qxg6+ $16 28. Nxg6 Re8) 28. Rxf8+ {[%emt 0:02:24][%mdl 64] Deflection} Qxf8 29. Qxe6+ Kh7 30. Qg6+ Kg8 31. Nf5 {[%emt 0:00:46] Pair of Knights! White mates.} Nd2+ 32. Kc2 Nc4 {[%emt 0:00:43] [#]} 33. Ne7+ $1 Qxe7 34. Rb8+ {[%emt 0:00:02] Weighted Error Value: White=0.32/Black=0.81} 1-0

[Event "21st IPCA World Championship 2022"]
[Site "Ashdod"]
[Date "2022.05.16"]
[Round "9.5"]
[White "Aleksandrova, Aleksandra"]
[Black "Yarmonov, Igor"]
[Result "0-1"]
[ECO "D00"]
[WhiteElo "1687"]
[BlackElo "2394"]
[Annotator "TA"]
[PlyCount "98"]
[EventDate "2022.05.09"]
[EventType "swiss"]
[EventCountry "ISR"]
[SourceTitle "playchess.com"]
[Source "ChessBase"]
[SourceQuality "1"]
[TimeControl "5400+30"]

1. d4 d5 2. e3 Nf6 3. Bd3 e6 4. Nd2 b6 5. f4 Ba6 {[%emt 0:00:18] [#]} 6. g4 $146 {[%emt 0:03:24] D00: 1 d4 d5: Unusual lines.} ({Predecessor:} 6. Qe2 Bxd3 7. cxd3 c5 8. Ngf3 Nc6 9. Ne5 Qc7 10. Ndf3 cxd4 11. Nxc6 Qxc6 12. Nxd4 Qa4 {1-0 (27) Nieberle,C (1740)-Heyne,R (1841) Germany 2017}) 6... Bxd3 7. cxd3 c5 8. g5 {[%emt 0:00:20] Black is slightly better.} Nfd7 9. dxc5 Bxc5 10. d4 Bd6 11. Qf3 Nc6 {[%emt 0:00:24] And now ...Nb4 would win.} 12. a3 {[%emt 0:00:39] Inhibits Nb4.} Rc8 13. b4 Nf8 14. h4 h6 15. Ne2 hxg5 16. hxg5 Rxh1+ 17. Qxh1 Ne7 18. Nf3 Qd7 19. Bd2 Qb5 20. Kf2 Nf5 21. a4 Qd3 22. Rc1 Rc4 23. Rxc4 Qxc4 24. Qb1 {[%emt 0:02:04] Against Qb3} Ne7 25. Bc3 f6 26. gxf6 gxf6 27. Nd2 Qc8 28. b5 Nfg6 29. Bb4 Bxb4 30. Qxb4 Qc2 31. a5 bxa5 32. Qxa5 Nh4 33. Qc3 Qd1 34. Qc1 Qxc1 35. Nxc1 $15 {[%emt 0:00:01][%mdl 4096] Endgame KNN-KNN} Kd7 36. Nd3 Kc7 37. Nb1 Kb6 38. Nc3 Nhf5 39. Nc5 Ka5 40. Na6 $2 {[%emt 0:13:16] [#] Now White is beyond hope.} (40. Ke2 $1 $11 {and White is okay.}) 40... Nd6 $1 $19 41. Ke2 $2 (41. Nc7) 41... Nxb5 42. Nxb5 Kxb5 {[%emt 0:00:05] KN-KN} 43. Nc7+ Kc4 {[%emt 0:00:37] Strongly threatening ...a5.} 44. Nxe6 (44. Na6 $142 Nf5 45. Kd2) 44... a5 45. Nc5 {[%emt 0:00:23] [#]} Kc3 $1 {[%emt 0:05:42] White must now prevent ...f5.} 46. Na4+ (46. Kd1 $142 Nc8 47. Ne6) 46... Kc2 {[%emt 0:01:29] Black is clearly winning.} 47. Kf3 f5 {[%emt 0:00:11] ...Nc8 is the strong threat.} 48. Ke2 Nc8 49. Nc5 Nb6 {[%emt 0:00:45] Weighted Error Value: White=0.57/Black=0.06 (flawless)} 0-1

[Event "21st IPCA World Championship 2022"]
[Site "Ashdod"]
[Date "2022.05.16"]
[Round "9.6"]
[White "Babanov, Aleksandr"]
[Black "Valenta, Vit Vaclav"]
[Result "0-1"]
[ECO "D75"]
[WhiteElo "1929"]
[BlackElo "2014"]
[Annotator "TA"]
[PlyCount "110"]
[EventDate "2022.05.09"]
[EventType "swiss"]
[EventCountry "ISR"]
[SourceTitle "playchess.com"]
[Source "ChessBase"]
[SourceQuality "1"]
[TimeControl "5400+30"]

1. Nf3 Nf6 2. g3 c5 3. Bg2 Nc6 4. c4 g6 5. Nc3 Bg7 6. O-O O-O 7. e3 d5 8. cxd5 Nxd5 9. d4 Nxc3 10. bxc3 Qa5 11. Qb3 Qc7 {[%emt 0:07:38] D75: Fianchetto Grünfeld: Main Line with 7...c5.} 12. Ba3 Be6 {[%emt 0:12:45][%cal Bc8e6,Be6d5,Bd5e4][%mdl 32] [#]} 13. Qb5 $146 ({Predecessor:} 13. Qa4 Bd7 14. Qc4 cxd4 15. cxd4 Qa5 16. Bb2 Rac8 17. Qb3 Be6 18. Qa3 Bd5 19. Rfc1 {0-1 (36) Eising,J-Van Baarle,J Amsterdam 1975}) 13... cxd4 {[%emt 0:02:39] The position is equal.} 14. cxd4 a6 15. Qe2 Qa5 {[%emt 0:06:10] Against Ng5} 16. Qb2 Bd5 17. Bc5 $2 {[%emt 0:10:24][%mdl 8192] Loses the game.} (17. Rac1 $11) 17... Qxc5 $1 $19 18. Rfc1 Qd6 19. Qe2 Be4 20. a4 Rac8 21. Nd2 Bxg2 22. Kxg2 Nb4 23. Ne4 Qd5 24. f3 a5 25. Nc3 Qc4 26. Qd2 Qd3 27. Ne4 Qxd2+ 28. Nxd2 Nc2 29. Rab1 Nxe3+ 30. Kf2 Bxd4 31. Nb3 Bb6 32. Ke2 Nd5 {[%emt 0:00:58] [#] Strongly threatening ...Nc3+.} 33. Nd2 Rxc1 34. Rxc1 Be3 35. Rc2 Bxd2 36. Rc5 {[%emt 0:01:35] [#]} e6 $1 37. Kxd2 {[%emt 0:00:10][%mdl 4096] Endgame KRN-KR} b6 38. Rc6 Rd8 39. Ke2 Rd7 40. h4 Rc7 41. Rd6 Rc4 42. f4 Rxa4 43. Kf3 Kg7 {[%emt 0:00:12] Hoping for ...b5.} 44. Kg4 Ra3 {[%emt 0:00:18] ( -> ...b5)} 45. h5 Ne3+ 46. Kh3 Nf5 47. Rxb6 Rxg3+ 48. Kh2 a4 {[%emt 0:00:22][%cal Ba5a4,Ba4a3,Ba3a2][%mdl 32] Black mates.} 49. hxg6 hxg6 50. Ra6 a3 51. Ra5 Rb3 52. Ra7 Nd4 53. Ra4 Rb2+ 54. Kg3 a2 55. f5 Nc2 {[%emt 0:01:04] Weighted Error Value: White=0.65/Black=0.02 (flawless)} 0-1

[Event "21st IPCA World Championship 2022"]
[Site "Ashdod"]
[Date "2022.05.16"]
[Round "9.7"]
[White "Alperovich, Asher"]
[Black "Srimskov, Elishar"]
[Result "0-1"]
[ECO "A66"]
[WhiteElo "1865"]
[BlackElo "1992"]
[Annotator "TA"]
[PlyCount "120"]
[EventDate "2022.05.09"]
[EventType "swiss"]
[EventCountry "ISR"]
[SourceTitle "playchess.com"]
[Source "ChessBase"]
[SourceQuality "1"]
[TimeControl "5400+30"]

1. d4 Nf6 2. c4 e6 3. Nc3 c5 4. d5 exd5 5. cxd5 d6 6. e4 g6 7. f4 Qe7 8. Nf3 {[%emt 0:02:59] A66: Modern Benoni: Mikenas Attack.} Bg7 (8... Nxe4 $2 9. Qa4+ Nd7 10. Qxe4 $18) 9. Bb5+ Bd7 10. e5 {[%emt 0:06:19] White is slightly better.} O-O $1 11. O-O Ne8 12. Bc4 Bg4 {[%emt 0:07:05] [#]} 13. Re1 $146 ({Predecessor:} 13. e6 f5 14. h3 Bh5 15. Qd3 Bxf3 16. Rxf3 Na6 17. Be3 Nac7 18. Rb1 Rb8 19. Rff1 {1-0 (53) Kalesis,N (2440)-Darmarakis,M (2199) Aghia Pelagia 2004}) 13... Bxf3 14. Qxf3 ({Of course not} 14. gxf3 Nd7 $11) 14... dxe5 15. fxe5 {[%emt 0:02:19] [#] Qg3 is the strong threat.} Bxe5 (15... Nd6 $1 $15 {keeps the upper hand.} 16. Bb3 (16. Qe2 Nxc4) 16... Nd7) 16. Bf4 $1 $36 {[%emt 0:01:44][%mdl 2048] Black is under strong pressure.} Bd4+ 17. Kh1 {[%emt 0:00:41][%mdl 1024] White has strong compensation.} Qd8 18. Nb5 (18. Rad1 $1 $16) 18... Bg7 19. Qg3 (19. d6 $16 Nc6 20. Rad1) 19... Nd7 $11 20. d6 Nef6 (20... Nb6 $1 $11 {keeps the balance.} 21. Be2 Bxb2) 21. Be2 ({White should play} 21. Re7 $16) 21... Ne4 (21... Qb6 $142) 22. Qe3 Nef6 (22... Re8 $11) 23. Bf3 (23. Nc7 $16) 23... a6 ({Better is} 23... Re8 $14 24. Qd2 Rxe1+ 25. Rxe1 Qb6) 24. Nc7 $16 Rb8 25. Rad1 Qc8 (25... c4 $16 {might work better.} 26. Bg5 b5 27. Nxa6 Re8) 26. Qa3 $18 Rd8 27. h3 Bf8 $2 (27... Nb6 28. Qxc5 Qf5 29. Qxf5 (29. Qxb6 Qxf4 30. Bd5 Kh8 $11) 29... gxf5) 28. Re7 b5 $2 {[%emt 0:05:50] [#]} (28... Nb6) 29. Qe3 (29. Bd5 $142 $1) 29... Nb6 {[%emt 0:06:39] [#]} 30. Qxc5 $1 Bxe7 (30... a5 31. Ree1) 31. dxe7 Rxd1+ 32. Bxd1 {[%emt 0:00:04][%cal Od1g4] Strongly threatening Bg4! A strong pair of Bishops.} Nbd7 $2 (32... Qd7) 33. Qd4 Rb7 34. Qd6 (34. Nxa6 Qc4 35. Be3 Qc6 $16) (34. Bg4 $18 {Intending Bxd7 and mate.} Rxc7 35. Bxc7 Nxg4 36. hxg4) 34... Rb6 $11 35. Qd4 {[%emt 0:00:53] aiming for Bg4.} Rc6 (35... Rb7 $1 $11 36. Bg4 (36. Nxa6 Qc4 $16) 36... Rxc7 37. Bxc7 Nxg4) 36. Bg4 $16 Rxc7 (36... Rc4 $16 37. Qd6 Re4) 37. Bxc7 $18 Qxc7 {[%emt 0:01:14] [#]} 38. Qxd7 $3 Nxd7 $17 39. e8=Q+ Nf8 {[%emt 0:00:07] Threatens to win with ...Qc1+.} 40. Qc8 (40. Qe3 $17 {was called for.}) 40... Qxc8 41. Bxc8 $19 {[%emt 0:00:01][%mdl 4096] Endgame KB-KN} a5 42. a3 b4 43. Kg1 bxa3 44. bxa3 Ne6 45. Kf2 Kf8 $1 46. Ke3 Ke7 47. Kd3 $2 (47. Ba6 $17) 47... Kd6 (47... Kd8 $142 48. Bxe6 fxe6) 48. Kc4 Kc6 49. g3 {[%emt 0:00:44] [#]} h5 (49... Ng5 $1 $19 {Hoping for ...h5.} 50. Kd3 Kc7) 50. h4 $17 Ng7 51. Bh3 {[%emt 0:00:57][%mdl 8192] [#]} (51. g4 $1 $15) 51... f6 $2 (51... Nf5 $1 $19 52. Bxf5 gxf5) 52. g4 $11 hxg4 53. Bxg4 Kb6 54. Kd5 Kb5 {[%emt 0:00:05] And now ...Ka4 would win.} 55. Bd7+ Kb6 56. Kd6 g5 57. hxg5 fxg5 58. Ke5 Nh5 59. Kf5 g4 {[%emt 0:00:02] ( -> ...g3)} 60. Bc8 $2 (60. Kg5 $11) 60... g3 {[%emt 0:07:22] Never resign too early!  Weighted Error Value: White=0.72/Black=0.60} 0-1

[Event "21st IPCA World Championship 2022"]
[Site "Ashdod"]
[Date "2022.05.16"]
[Round "9.8"]
[White "Frumin, Rebeka"]
[Black "Oliel, Yehonatan"]
[Result "0-1"]
[ECO "B02"]
[WhiteElo "1319"]
[BlackElo "1535"]
[Annotator "NA RC COMBH"]
[PlyCount "98"]
[EventDate "2022.05.09"]
[EventType "swiss"]
[EventCountry "ISR"]
[SourceTitle "playchess.com"]
[Source "ChessBase"]
[SourceQuality "1"]
[TimeControl "5400+30"]

1. e4 Nf6 2. Nc3 d5 3. e5 Nfd7 4. d4 c5 5. Nxd5 cxd4 6. Qxd4 Nb6 7. Bb5+ Nc6 8. c4 e6 9. Qf4 exd5 10. Nf3 Bb4+ 11. Bd2 Bxd2+ 12. Qxd2 O-O 13. O-O Ne7 14. c5 Nd7 15. b4 a6 16. Bd3 Nc6 17. Rfe1 Re8 18. Qf4 h6 19. Qf5 g6 20. Qf4 Kg7 21. a3 Qc7 22. Qg3 Re6 23. Rad1 Ndxe5 24. b5 Nxf3+ 25. Qxf3 Ne5 26. Qxd5 Nxd3 27. Qxd3 Qxc5 28. Rf1 axb5 29. Rc1 Qf5 30. Qd8 Rc6 31. Rce1 Qd7 32. Qh4 Rxa3 33. Rd1 Rd6 34. Rc1 Ra4 35. Qg3 Rc4 36. Rb1 Qc6 37. Qe5+ Kh7 38. Rxb5 Rc1 39. Rb1 Rxf1+ 40. Rxf1 Be6 41. h3 b5 42. Rb1 Rd5 43. Qb8 Rg5 44. g4 h5 45. Qd8 Qd5 46. Qf6 Qe5 47. Qf3 hxg4 48. hxg4 Rxg4+ 49. Kf1 Bc4+ 0-1

[Event "21st IPCA World Championship 2022"]
[Site "Ashdod"]
[Date "2022.05.16"]
[Round "9.11"]
[White "Cosic, Radoslav"]
[Black "Freiberg, Doron"]
[Result "0-1"]
[ECO "A04"]
[WhiteElo "2003"]
[BlackElo "1244"]
[Annotator "TA"]
[PlyCount "48"]
[EventDate "2022.05.09"]
[EventType "swiss"]
[EventCountry "ISR"]
[SourceTitle "playchess.com"]
[Source "ChessBase"]
[SourceQuality "1"]
[TimeControl "5400+30"]

1. Nf3 f5 2. b3 d6 3. d4 Nd7 4. Bb2 Ngf6 {[#]} 5. Ng5 $146 ({Predecessor:} 5. c4 c6 6. e3 g6 7. Nc3 Bg7 8. Be2 O-O 9. h4 h6 10. Qc2 Qa5 11. a3 e5 12. b4 Qc7 13. h5 Nxh5 14. Nxe5 Nxe5 15. dxe5 dxe5 16. Bxh5 gxh5 17. Rxh5 {0-1 (30) Gamboa Gonzalez,A (2044)-Sanchez Alvarez,K (2307) Santo Domingo 2018}) 5... Nb6 6. Nf3 {[%emt 0:00:00] A04: Unusual lines after 1 Nf3 and King's Indian Attack.} Nbd7 7. Ng5 {[%emt 0:00:00] [#] Black must now prevent Ne6.} Nb6 $1 8. c4 {[%emt 0:00:00] White is slightly better.} c6 9. e3 h6 10. Nf3 e6 11. Nh4 Bd7 12. Ng6 Rg8 13. h4 Qc7 14. a4 O-O-O (14... Nc8 $142) 15. a5 $36 {[%emt 0:00:00][%mdl 2048] Black is under strong pressure.} Na8 16. Bd3 Be8 17. Nxf8 Rxf8 18. Nc3 c5 (18... Kb8 $142) 19. d5 (19. a6 $16) 19... exd5 $1 $14 20. Bxf5+ Bd7 $2 {[%emt 0:06:40] [#] Loses the game.} ({Better is} 20... Kb8 $1 $14) 21. Nb5 $18 ({Weaker is} 21. Nxd5 Nxd5 22. Bxd7+ Qxd7 $16) 21... Qb8 22. Bxd7+ Kxd7 23. Bxf6 Rxf6 24. Qg4+ Kc6 $2 {[%emt 0:00:00][%mdl 32768] Weighted Error Value: White=0.19 (very precise) /Black=0.28 (precise) . Sensor Board Error (Ke4/e5)?} (24... Ke7 25. Qxg7+ Rf7 26. Qxh6 Nc7 27. Qg5+ Kd7) 0-1